 Dungeon Crawl Stone Soup version 0.20.0-15-g7f486f2 (console) character file.

82 Kloppie the Slasher (level 4, 0/41 HPs)
             Began as a Minotaur Gladiator on July 1, 2017.
             Killed from afar by a dart slug (4 damage)
             ... with a slug dart
             ... on level 1 of the Dungeon.
             The game lasted 00:01:32 (1261 turns).

Kloppie the Slasher (Minotaur Gladiator)            Turns: 1261, Time: 00:01:32

Health: 0/41       AC:  3    Str: 18    XL:     4   Next: 21%
Magic:  3/3        EV: 13    Int:  5    God:
Gold:   29         SH:  0    Dex: 13    Spells: 3/3 levels left

rFire    . . .     SeeInvis .   a - +0 long sword
rCold    . . .     Gourm    .   (no shield)
rNeg     . . .     Faith    .   b - +0 leather armour
rPois    .         Spirit   .   c - +0 hat
rElec    .         Reflect  .   (no cloak)
rCorr    .         Harm     .   (no gloves)
MR       .....                  (no boots)
Stlth    +.........             (no amulet)
Regen    0.2/turn               (no ring)
MPRegen  0.1/turn               (no ring)

@: no status effects
A: retaliatory headbutt, horns 2
a: no special abilities


You were on level 1 of the Dungeon.
You were not hungry.

You visited 1 branch of the dungeon, and saw 2 of its levels.

You collected 29 gold pieces.

Inventory:

Hand Weapons
 a - a +0 long sword (weapon)
Missiles
 d - 3 throwing nets (quivered)
Armour
 b - a +0 leather armour (worn)
 c - a +0 hat (worn)
Scrolls
 e - a scroll of blinking {unknown}
 l - 3 scrolls of identify {unknown}
Potions
 i - a potion of might {unknown}
 j - a potion of brilliance {unknown}
 k - a potion of curing {unknown}
 m - a potion of magic {unknown}
Comestibles
 f - 3 bread rations
 g - a meat ration
 h - a fruit
 n - 2 chunks of flesh


   Skills:
 + Level 4.3 Fighting
 + Level 4.8 Long Blades
 - Level 2.0 Throwing
 - Level 3.2 Dodging


You had 3 spell levels left.
You didn't know any spells.

Dungeon Overview and Level Annotations

Branches:
Dungeon (2/15)

Altars:


Innate Abilities, Weirdness & Mutations

You reflexively headbutt those who attack you in melee.
You have a pair of horns on your head.


Message History

The adder is caught in the net!
The adder is moderately wounded.
You feel sick.
The adder struggles against the net.
You hit the adder but do no damage. You headbutt the adder.
The adder is moderately wounded.
You feel sick.
The adder struggles against the net. x2
You hit the adder.
The adder is severely wounded.
You feel sick.
The adder struggles against the net.
You slash the adder!
You kill the adder!
You feel sick.
You feel sick.
There is a stone staircase leading down here.
You start resting.
You feel sick. x9
You are no longer poisoned.
A dart slug comes into view.
The dart slug launches a dart at you. The slug dart hits you!
You die...

♣#####.........#####♣##.#### #
##.......##.## ##...# #
#######8...8####.## ##.##.# #
###.....##'''## ##.###.###.#####
.............# ##.#...........
.##.##.####### ##.#####.#####
#.#.##.#############...###.#.####
##..##.##....)....w.......###....
#.####.##...>...@###...#...#.####
.## #.##........####.#.....## .#
#.##...................# ##
#.##.....).###.###.....# ##
#.##...(...# #.# ##...###### .#
#.##....)..# #.# #......... .#
#.##.##(#### #.# #...#####. .#
#.##.##.# #.# ##### #. .#
#....#.(# #.# #.


You could see a dart slug.

Vanquished Creatures
  2 gnolls (D:1)
  3 adders
  A leopard gecko (D:1)
  4 giant cockroaches
  5 goblins
  2 hobgoblins (D:1)
  2 jackals (D:1)
  5 kobolds (D:1)
  A quokka (D:2)
  5 bats (D:1)
  2 frilled lizards (D:1)
  3 rats
35 creatures vanquished.

Notes
Turn   | Place    | Note
-------+----------+-------------------------------------------
     0 | D:1      | Kloppie the Minotaur Gladiator began the quest for the Orb.
     0 | D:1      | Reached XP level 1. HP: 18/18 MP: 0/0
   180 | D:1      | Reached XP level 2. HP: 24/25 MP: 1/1
   491 | D:1      | Reached XP level 3. HP: 31/31 MP: 2/2
   794 | D:1      | You fall through a shaft!
  1131 | D:1      | Reached XP level 4. HP: 8/40 MP: 3/3
  1261 | D:1      | Killed from afar by a dart slug

Skill      XL: |  1  2  3 |
---------------+----------+-----
Long Blades    | 4 |  4.8
Fighting       | 3 4 |  4.3
Throwing       | |  2.0
Dodging        | |  3.2

Action                   |  1- 3 |  4- 6 || total
-------------------------+-------+-------++-------
Melee: Long sword        |    78 |     6 ||    84
       Headbutt          |     8 |     1 ||     9
Throw: Throwing net      |       |     1 ||     1
  Eat: Chunk             |     1 |       ||     1
Armor: Leather armour    |    22 |       ||    22
Dodge: Dodged            |    50 |     2 ||    52
       Rpst.: Long sword |    11 |     1 ||    12
